 Dungeon Crawl Stone Soup version 0.20-a0-351-gc9b4002 (webtiles) character file.

55 4thArraOfDagon the Ruffian (level 3, -3/33 HPs)
             Began as a Troll Wanderer on Dec 25, 2016.
             Killed by divine providence
             ... invoked by an orc priest
              (15 damage)
             ... on level 5 of the Dungeon.
             The game lasted 00:01:48 (433 turns).

4thArraOfDagon the Ruffian (Troll Wanderer)          Turns: 433, Time: 00:01:48

Health: -3/33      AC:  5    Str: 19    XL:     3   Next: 67%
Magic:  2/2        EV: 10    Int: 10    God:
Gold:   37         SH:  0    Dex:  9    Spells: 2/2 levels left

rFire  . . .     SeeInvis .       - Unarmed
rCold  . . .     Gourm    +     d - +0 robe
rNeg   . . .     Faith    .     (no shield)
rPois  .         Spirit   .     (helmet restricted)
rElec  .         Reflect  .     (no cloak)
rCorr  .         Harm     .     (gloves unavailable)
MR     .....                    (boots unavailable)
Stlth  +.........               (no amulet)
                                (no ring)
                                (no ring)

@: no status effects
A: unfitting armour, claws 3, fast metabolism 3, gourmand, regeneration 1,
shaggy fur 1, tough skin 2
a: no special abilities


You were on level 5 of the Dungeon.
You were full.

You visited 1 branch of the dungeon, and saw 5 of its levels.

You collected 37 gold pieces.

Inventory:

Armour
 d - a +0 robe (worn)
Scrolls
 c - 3 scrolls of teleportation
 e - a scroll of identify {unknown}
Potions
 a - a potion of might {unknown}
 b - 2 potions of curing
Comestibles
 f - 2 bread rations
 g - a meat ration


   Skills:
 - Level 1.5 Fighting
   Level 1.0(1.4) Polearms
   Level 1.5(1.7) Staves
 - Level 2.0 Throwing
 - Level 1.5 Dodging
 - Level 1.0 Stealth
   Level 1.0 Shields
 * Level 2.6 Unarmed Combat


You had 2 spell levels left.
You didn't know any spells.

Dungeon Overview and Level Annotations

Branches:
Dungeon (5/15)
 Temple: D:4-7

Altars:
Ru


Innate Abilities, Weirdness & Mutations

You are too large for most types of armour.
You have claws for hands.
Your metabolism is lightning-fast.
You like to eat raw meat.
Your natural rate of healing is unusually fast.
You are covered in fur. (AC +1)
You have very tough skin. (AC +2)


Message History

An orc and an orc priest come into view.
Unknown command.
The orc shouts!
You hear a shout!
Unknown command.
You scratch the orc priest.
The orc priest is heavily wounded.
The orc priest hits you. The orc hits you but does no damage.
You scratch the orc priest but do no damage.
The orc priest is heavily wounded.
The orc priest calls down the wrath of Beogh upon you.
Beogh smites you!
Ouch! That really hurt!
You are too injured to fight recklessly!
You are too injured to fight recklessly!
You are too injured to fight recklessly!
Unknown command.
It was a potion of cancellation.
You feel magically purged.
The orc priest calls down the wrath of Beogh upon you.
Beogh smites you!
You die...

#.#.#.#...#.#.###
#......._.......#
#.#.#.#...#.#.#.#
#.#.#.##.##.#.#..
#####+#.#.#.......#.###
#.......#.####.####.##.
#.......#.. ... ..##.
#.......#### #.# ####.
##.....@o##.###.. #.
.........oo......# #.
###########o#[##.# #.
#...# #. ....# #.
....># ########.
......# #......#.
..####.# #......#. ...
+##.#####..#.


You could see 2 orc priests and 2 orcs.

Vanquished Creatures
  A bullfrog skeleton (D:4)
  An adder (D:4)
  2 adder skeletons (D:4)
  A dart slug (D:2)
  A leopard gecko (D:5)
  A giant cockroach (D:2)
  2 goblins
  A hobgoblin (D:1)
  A kobold (D:2)
11 creatures vanquished.

Notes
Turn   | Place    | Note
-------+----------+-------------------------------------------
     0 | D:1      | 4thArraOfDagon the Troll Wanderer began the quest for the Orb.
     0 | D:1      | 4thArraOfDagon set off with: a +2 quarterstaff, a potion of curing, a scroll of teleportation, a +0 robe, 2 bread rations
     0 | D:1      | Reached XP level 1. HP: 19/19 MP: 0/0
   142 | D:2      | Reached XP level 2. HP: 27/27 MP: 1/1
   178 | D:4      | Reached skill level 1 in Unarmed Combat
   184 | D:4      | Reached XP level 3. HP: 20/33 MP: 2/2
   298 | D:4      | Noticed an ogre
   301 | D:5      | Entered Level 5 of the Dungeon
   384 | D:5      | Found a sacrificial altar of Ru.
   433 | D:5      | Killed from afar by an orc priest

Vault maps used:
D:1:      ncdulo_smallfort, grunt_decor_cap
D:2:      first_bread, uniq_jessica
D:3:      uniq_terence
D:4:      portal_sewer_entry_b, kennysheep_slug_shrine
D:5:      corexii_shantytown, nicolae_ru_sacrificial_ziggurat

Skill      XL: |  1  2 |
---------------+-------+-----
Unarmed Combat | 2 |  2.6
Throwing       | 2 |  2.0
Fighting       | |  1.5
Polearms       | |  1.0
Staves         | |  1.5
Dodging        | |  1.5
Stealth        | |  1.0
Shields        | |  1.0

Action                   || total
-------------------------++-------
Melee: Unarmed           ||    38
  Use: Potion            ||     1
 Stab: Sleeping          ||     1
  Eat: Chunk             ||     6
Armor: Robe              ||    11
Dodge: Dodged            ||    17
